 Dungeon Sprint DCSS version 0.29-a0-1033-gb6c65ffae6 (webtiles) character file.

Game seed: 18246407913442985021

4227 mhtbhm the Eclecticist (level 10, 0/56 HPs)
             Began as a Deep Elf Fire Elementalist on Aug 14, 2022.
             Was the Champion of Vehumet.
             Shot with an arrow by a deep elf knight (14 damage)
             ... in the Dungeon (Sprint III: "The Ten Rune Challenge").
             The game lasted 00:03:22 (1316 turns).

mhtbhm the Eclecticist (Deep Elf Fire Elementalist) Turns: 1316, Time: 00:03:22

Health: 0/56       AC:  7    Str:  5    XL:     10   Next: 9%
Magic:  29/38      EV: 15    Int: 25    God:    Vehumet [******]
Gold:   2309       SH:  0    Dex: 15    Spells: 34/47 levels left

rFire   . . .      SeeInvis .   i - +2 quarterstaff (chaos)
rCold   . . .      Faith    .   (shield currently unavailable)
rNeg    . . .      Spirit   .   a - +2 robe {Will+}
rPois   +          Reflect  .   (helmet restricted)
rElec   .          Harm     .   d - +2 cloak {Stlth+}
rCorr   .          Rampage  .   (no gloves)
Will    ++...      NoTele   +   (no boots)
Stlth   +++++.....              (no amulet)
HPRegen 0.18/turn               (no ring)
MPRegen 0.26/turn               (no ring)

@: no status effects
A: beak, high MP 1, poison resistance, robust 1
a: Renounce Religion


You were in the Dungeon.
You worshipped Vehumet.
Vehumet was exalted by your worship.
You visited 1 branch You collected 2529 gold pieces.
You spent 220 gold pieces at shops.

Inventory:

Hand Weapons
 i - a +2 quarterstaff of chaos (weapon)
Armour
 a - a +2 robe of willpower (worn)
 d - a +2 cloak of stealth (worn)
Wands
 n - a wand of acid (7)
Scrolls
 g - a scroll of blinking
 j - 2 scrolls of immolation {unknown}
 k - 3 scrolls of identify
Potions
 b - 4 potions of magic
 c - 4 potions of curing
 e - 2 potions of might
 f - a potion of berserk rage
 h - a potion of lignification {unknown}
 l - 3 potions of flight
 m - 5 potions of mutation
Miscellaneous
 o - a phial of floods


   Skills:
 + Level 0.3 Fighting
 + Level 6.8 Dodging
 + Level 7.1 Stealth
 + Level 19.4 Spellcasting
 + Level 4.8 Conjurations
 + Level 17.6 Fire Magic


You had 34 spell levels left.
You knew the following spells:

 Your Spells              Type           Power      Damage    Failure   Level
a - Foxfire               Conj/Fire      100%       2x1d9     0%          1
b - Scorch                Fire           100%       2d10      0%          2
c - Conjure Flame         Conj/Fire      69%        6-21      1%          3
d - Inner Flame           Hex/Fire       62%        N/A       1%          3
e - Flame Wave            Conj/Fire      69%        2d16      1%          4

Your spell library contained the following spells:

 Spells                   Type           Power      Damage    Failure   Level
 Ignite Poison            Fire/Tmut/Pois 52%        N/A       1%          3
 Shock                    Conj/Air       100%       1d9       1%          1
 Spider Form              Tmut/Pois      24%        N/A       5%          3
 Lee's Rapid Deconstruct  Erth           12%        3d9*      13%         5
 Leda's Liquefaction      Hex/Erth       12%        N/A       19%         4
 Alistair's Intoxication  Tmut/Pois      16%        N/A       45%         5
 Statue Form              Tmut/Erth      16%        N/A       96%         6


Dungeon Overview and Level Annotations

Branches:
Dungeon (1/1)

Altars:
Cheibriados
Dithmenos
Elyvilon
Fedhas
Gozag
Hepliaklqana
Kikubaaqudgha
Makhleb
Nemelex Xobeh
Okawaru
Qazlal
Ru
Sif Muna
Trog
Uskayaw
Vehumet
Wu Jian
Xom
Yredelemnul
Zin
The Shining One
Jiyva
Lugonu

Shops:
D !


Innate Abilities, Weirdness & Mutations

You have a beak for a mouth.
You have an increased reservoir of magic. (+10% MP)
Your system is resistant to poisons. (rPois)
You are robust. (+10% HP)


Message History

A wave of flame ripples out!
The flame wave engulfs the deep elf zephyrmancer!
The deep elf zephyrmancer is burned terribly!
The deep elf zephyrmancer is heavily wounded. (Press . to intensify the flame waves.)
The deep elf zephyrmancer gestures at you while chanting.
The bolt of lightning misses you. The bolt of lightning hits you!!
Ouch! That really hurt!
* * * LOW HITPOINT WARNING * * *
A wave of flame ripples out!
The flame wave engulfs the deep elf zephyrmancer!!
The deep elf zephyrmancer is burned terribly!
You kill the deep elf zephyrmancer!
Vehumet accepts your kill.
Vehumet offers you knowledge of Ignite Poison.
The flame wave engulfs the deep elf zephyrmancer!!
The deep elf zephyrmancer is heavily wounded.
Your Spellcasting skill increases to level 19!
You have reached level 10!
A wave of flame ripples out!
The flame wave engulfs the deep elf zephyrmancer.
The deep elf zephyrmancer is severely wounded.
The flame wave engulfs the deep elf knight!!
The deep elf knight is heavily wounded.
The deep elf zephyrmancer gestures wildly while chanting.
The deep elf zephyrmancer blinks!
The deep elf knight wields a +0 longbow.
The deep elf knight shoots an arrow.
The arrow closely misses you.
Unknown command.
A wave of flame ripples out!
The flame wave engulfs the deep elf zephyrmancer!
The deep elf zephyrmancer is almost dead.
The flame wave engulfs the deep elf pyromancer!!
The deep elf pyromancer is heavily wounded.
The flame wave engulfs the deep elf knight!!
The deep elf knight is almost dead.
You finish channelling waves of flame.
You hear a shout!
The deep elf knight shoots an arrow.
The arrow hits you!
You die...

▓▓▓▓▓ ▓▓▓
######...#####.#######
_#__###..)∩##..'.#...#
)#._#..)......##e#...##≈
##'##.)........#@#e..≈≈≈
....#)[))....###§#...##≈
....#.#)#.#### #.ee..#
###'#.##### #######
#...#'##### #...#..~~~+
#...#.#§~~# #...'.#§§.#
'...#.#.§§#


You could see 2 deep elf knights, a deep elf pyromancer and a deep elf
zephyrmancer.

Vanquished Creatures
  Snorg (D)
  An orc high priest (D)
  A deep elf pyromancer (D)
  A deep elf zephyrmancer (D)
  3 orc sorcerers (D)
  A shadow (D)
  A spatial vortex (D)
  An orc warrior (D)
  A water elemental (D)
  A necrophage (D)
  Crazy Yiuf (D)
  2 orc priests (D)
  A jelly (D)
  Jessica (D)
  A wizard (D)
  A necromancer (D)
  3 humans (D)
  A kobold demonologist (D)
  11 orcs (D)
  3 rats (D)
37 creatures vanquished.

Vanquished Creatures (others)
  22 foxfires (D)
22 creatures vanquished.

Grand Total: 59 creatures vanquished

Notes
Turn   | Place    | Note
-------+----------+-------------------------------------------
     0 | D        | mhtbhm the Deep Elf Fire Elementalist began the quest for
                  | the Orb.
     0 | D        | Reached XP level 1. HP: 10/10 MP: 6/6
    47 | D        | Noticed Jessica
    54 | D        | Killed Jessica
    55 | D        | Reached skill level 4 in Spellcasting
    55 | D        | Reached skill level 5 in Fire Magic
    55 | D        | Reached XP level 2. HP: 15/15 MP: 2/9
   133 | D        | Learned a level 2 spell: Scorch
   149 | D        | Reached skill level 5 in Spellcasting
   149 | D        | Reached XP level 3. HP: 5/19 MP: 2/11
   372 | D        | Noticed Crazy Yiuf
   380 | D        | Killed Crazy Yiuf
   381 | D        | Reached XP level 4. HP: 17/24 MP: 4/13
   488 | D        | Gained mutation: Your system is resistant to poisons.
                  | (rPois) [potion of mutation]
   488 | D        | Gained mutation: You have an increased reservoir of magic.
                  | (+10% MP) [potion of mutation]
   488 | D        | Gained mutation: You have a beak for a mouth. [potion of
                  | mutation]
   488 | D        | Gained mutation: You are robust. (+10% HP) [potion of
                  | mutation]
   513 | D        | Learned a level 3 spell: Conjure Flame
   517 | D        | Learned a level 3 spell: Inner Flame
   522 | D        | Learned a level 4 spell: Flame Wave
   525 | D        | Noticed a water elemental
   527 | D        | Killed a water elemental
   528 | D        | Reached skill level 6 in Spellcasting
   528 | D        | Reached XP level 5. HP: 30/30 MP: 10/17
   578 | D        | Found a radiant altar of Vehumet.
   578 | D        | Found a shimmering blue altar of Sif Muna.
   578 | D        | Found an ancient bone altar of Kikubaaqudgha.
   580 | D        | Reached skill level 5 in Dodging
   580 | D        | Reached skill level 7 in Spellcasting
   583 | D        | Became a worshipper of Vehumet
   590 | D        | Got the Parchment of the Atmosphere and Toxicity
   631 | D        | Found a basalt altar of Yredelemnul.
   631 | D        | Found a shadowy altar of Dithmenos.
   631 | D        | Found a sacrificial altar of Ru.
   634 | D        | Reached skill level 5 in Stealth
   634 | D        | Reached skill level 8 in Spellcasting
   636 | D        | Reached * piety under Vehumet
   636 | D        | Offered knowledge of Magic Dart by Vehumet.
   637 | D        | Reached skill level 10 in Fire Magic
   637 | D        | Reached XP level 6. HP: 35/35 MP: 8/21
   720 | D        | Found a glowing silver altar of Zin.
   720 | D        | Found a glowing golden altar of the Shining One.
   720 | D        | Found a white marble altar of Elyvilon.
   720 | D        | Noticed a deep elf pyromancer
   723 | D        | Killed a deep elf pyromancer
   724 | D        | Reached skill level 12 in Spellcasting
   724 | D        | Reached XP level 7. HP: 39/39 MP: 16/27
   780 | D        | Found a hide-covered altar of Uskayaw.
   780 | D        | Found an iron altar of Okawaru.
   780 | D        | Found a bloodstained altar of Trog.
   780 | D        | Found an ornate altar of the Wu Jian Council.
   780 | D        | Noticed a human
   780 | D        | Noticed a human
   784 | D        | Killed a human
   785 | D        | Reached skill level 13 in Spellcasting
   787 | D        | Killed a human
   787 | D        | Reached ** piety under Vehumet
   869 | D        | Noticed a shadow
   873 | D        | Killed a shadow
   873 | D        | Offered knowledge of Freeze by Vehumet.
   874 | D        | Reached XP level 8. HP: 45/45 MP: 22/30
   945 | D        | Found a blossoming altar of Fedhas.
   945 | D        | Found a stormy altar of Qazlal.
   945 | D        | Found a snail-covered altar of Cheibriados.
   945 | D        | Found a burning altar of Makhleb.
   945 | D        | Found a shimmering altar of Xom.
   950 | D        | Found a hazy altar of Hepliaklqana.
   950 | D        | Found an opulent altar of Gozag.
   950 | D        | Found a sparkling altar of Nemelex Xobeh.
   950 | D        | Found a corrupted altar of Lugonu.
   950 | D        | Found a viscous altar of Jiyva.
   969 | D        | Reached skill level 14 in Spellcasting
  1066 | D        | Noticed Snorg
  1112 | D        | Killed Snorg
  1112 | D        | Reached *** piety under Vehumet
  1112 | D        | Offered knowledge of Frozen Ramparts by Vehumet.
  1113 | D        | Reached skill level 16 in Spellcasting
  1113 | D        | Reached skill level 15 in Fire Magic
  1218 | D        | Noticed an orc sorcerer
  1218 | D        | Noticed an orc sorcerer
  1219 | D        | Found Byghyod's Distillery.
  1219 | D        | Noticed an orc high priest
  1219 | D        | Noticed an orc sorcerer
  1222 | D        | Noticed a soul eater
  1222 | D        | Killed an orc sorcerer
  1222 | D        | Reached **** piety under Vehumet
  1223 | D        | Reached XP level 9. HP: 43/49 MP: 29/34
  1223 | D        | Reached ***** piety under Vehumet
  1224 | D        | Killed an orc sorcerer
  1225 | D        | Reached skill level 17 in Spellcasting
  1227 | D        | Noticed a soul eater
  1229 | D        | Noticed a smoke demon
  1231 | D        | Killed an orc high priest
  1231 | D        | Killed an orc sorcerer
  1231 | D        | Reached ****** piety under Vehumet
  1232 | D        | Reached skill level 18 in Spellcasting
  1284 | D        | Bought a potion of magic for 80 gold pieces
  1284 | D        | Bought a potion of curing for 30 gold pieces
  1284 | D        | Bought a potion of curing for 30 gold pieces
  1284 | D        | Bought a potion of might for 40 gold pieces
  1284 | D        | Bought a potion of might for 40 gold pieces
  1305 | D        | Noticed a deep elf knight
  1305 | D        | Noticed a deep elf zephyrmancer
  1305 | D        | Noticed a deep elf pyromancer
  1305 | D        | Noticed a deep elf knight
  1305 | D        | Noticed a deep elf zephyrmancer
  1314 | D        | Killed a deep elf zephyrmancer
  1314 | D        | Offered knowledge of Ignite Poison by Vehumet.
  1315 | D        | Reached skill level 19 in Spellcasting
  1315 | D        | Reached XP level 10. HP: 14/56 MP: 30/38
  1316 | D        | Shot with an arrow by a deep elf knight

Illustrated notes

Levels and vault maps discovered:
D:        dungeon_sprint_mu [sprint_mu_entry_forest, sprint_mu_temple_rooms,
          sprint_mu_d1_horrors, sprint_mu_d2_genie, sprint_mu_d3_branching,
          sprint_mu_orc_legion, sprint_mu_elf_gauntlet, sprint_mu_hive_nellie,
          sprint_mu_lair_fedhas, sprint_mu_vaults_butterflies,
          sprint_mu_slime_circle, sprint_mu_swamp_cave, sprint_mu_snake_twists,
          sprint_mu_blade_basic, sprint_mu_crypt_fortress,
          sprint_mu_tomb_spiral, sprint_mu_vestibule_basic,
          sprint_mu_gehenna_hellfire, sprint_mu_dis_giant,
          sprint_mu_tartarus_statrot, sprint_mu_cocytus_islands, sprint_mu_zot1]

Skill      XL: |  1  2  3  4  5  6  7  8  9 |
---------------+----------------------------+-----
Dodging        | 3 4 5 6 |  6.8
Stealth        | 3 4 5 6 7 |  7.1
Spellcasting   | 4 5 6 8 12 13 16 19 | 19.4
Fire Magic     | 5 6 7 8 10 12 14 16 17 | 17.6
Conjurations   | 2 3 4 |  4.8
Fighting       | |  0.3

Action                   |  1- 3 |  4- 6 |  7- 9 | 10-12 || total
-------------------------+-------+-------+-------+-------++-------
Melee: Quarterstaff      |       |       |     1 |       ||     1
 Cast: Foxfire           |    14 |       |       |       ||    14
       Scorch            |     4 |    13 |    14 |       ||    31
       Flame Wave        |       |       |    11 |       ||    11
  Use: Potion            |     1 |     1 |     1 |       ||     3
 Stab: Sleeping          |       |       |     1 |       ||     1
Armor: Robe              |       |       |     1 |       ||     1
Dodge: Dodged            |     4 |     8 |    14 |     1 ||    27

Table legend: (Time is in decaauts)
 A = Elapsed time spent in this place.
 B = Non-inter-level travel time spent in this place.
 C = Inter-level travel time spent in this place.
 D = Time resting spent in this place.
 E = Time spent auto-exploring this place.
 F = Levels seen in this place.
 G = Mean time per level.
                   A        B        C        D        E       F      G
               +--------+--------+--------+--------+--------+-----+--------+
         Total |   1299 |   1299 |      0 |    764 |    122 |   1 | 1299.0 |
       Dungeon |   1299 |   1299 |      0 |    764 |    122 |   1 | 1299.0 |
               +--------+--------+--------+--------+--------+-----+--------+

Top non-repeatable levels by time:
       D: 1299 daAuts
